Map: 2000 Atmospheres LE

Players

Vindicta - Winner!

  • Race: Terran Terran
  • League: Master

JonSnow

  • Race: Zerg Zerg
  • League: Master

Event: DreamHack SC2 Masters 2021 Summer

VOD

Have the link to the VOD?

Description

Time

  • Played on: May 29, 2021, 5:12 p.m.
  • Length: 23:31

All games in this series

Show
View Real Time Build Order
Export as new Build Order

Vindicta Terran - Winner!

Build Orders: Reaper Expand, Hellion Banshee 

Get SALT Encoding   

  12  0:00  SCV  
  13  0:12  SCV  
  14  0:18  Supply Depot  
  14  0:24  SCV  
  15  0:39  SCV  
  15  0:41  Barracks  
  16  0:44  Refinery  
  16  0:51  SCV  
  17  1:03  SCV  
  18  1:15  SCV  
  19  1:29  Reaper  
  19  1:30  Orbital Command  
  20  1:42  Command Center  
  20  1:53  Supply Depot  
  20  1:56  SCV  
  20  2:00  Marine  
  22  2:08  SCV  
  23  2:17  Factory  
  23  2:20  SCV  
  23  2:22  Barracks Reactor  
  24  2:23  Refinery  
  24  2:32  SCV  
  25  2:44  SCV  
  26  2:55  Orbital Command  
  26  2:56  SCV  
  27  3:03  Starport  
  27  3:08  SCV, Hellion x2  
  33  3:13  Barracks Tech Lab  
  32  3:20  SCV, Supply Depot  
  32  3:21  SCV  
  34  3:29  Hellion x2  
  34  3:32  SCV  
  34  3:33  SCV  
  40  3:44  SCV  
  40  3:45  Banshee, Cloaking Field, SCV  
  45  3:50  Hellion  
  45  3:51  Hellion  
  49  3:57  SCV, Supply Depot  
  49  3:58  SCV  
  51  4:09  SCV  
  52  4:12  Barracks Tech Lab, Hellion  
  54  4:19  SCV, Hellion  
  54  4:21  SCV  
  58  4:25  Supply Depot  
  58  4:28  Banshee  
  58  4:30  Armory  
  61  4:32  SCV  
  61  4:35  Stimpack  
  62  4:46  SCV  
  62  4:50  SCV  
  64  4:55  Command Center  
  64  4:58  SCV, Barracks  
  65  5:00  Factory Reactor  
  65  5:03  Engineering Bay x2  
  65  5:04  SCV, Barracks  
  66  5:13  SCV  
  67  5:16  Refinery  
  67  5:18  Refinery  
  67  5:20  SCV  
  68  5:25  SCV  
  69  5:31  Starport Reactor  
  69  5:36  SCV  
  70  5:44  Terran Infantry Armor Level 1, Terran Infantry Weapons Level 1, Supply Depot  
  70  5:48  SCV, Marine  
  68  5:54  Marine, Siege Tank  
  68  5:55  Marine  
  63  5:57  SCV, Barracks  
  63  5:59  Barracks  
  63  6:00  SCV, Marine  
  63  6:01  Marine  
  65  6:06  Marine  
  65  6:09  Orbital Command, SCV  
  65  6:10  Supply Depot x2  
  67  6:11  Marine  
  67  6:12  SCV  
  67  6:14  Medivac  
  67  6:16  Medivac  
  74  6:19  Marine  
  74  6:21  SCV  
  74  6:22  Marine  
  74  6:23  Marine, Combat Shield  
  76  6:30  SCV, Marine  
  76  6:31  Orbital Command  
  82  6:34  SCV  
  82  6:39  Marine  
  83  6:42  SCV  
  83  6:46  SCV, Supply Depot  
  85  6:47  Marine  
  85  6:48  Marine  
  85  6:49  Barracks Reactor  
  85  6:50  Marine x2  
  85  6:52  Siege Tank  
  89  6:54  Barracks Reactor, SCV  
  89  6:57  Marine  
  89  6:59  SCV, Supply Depot  
  93  7:02  Supply Depot  
  93  7:05  Marine  
  93  7:06  SCV, Marine  
  96  7:09  Medivac x2  
  96  7:11  SCV  
  96  7:13  Marine x2  
  96  7:14  SCV, Marine  
  104  7:18  Missile Turret  
  104  7:23  Marine  
  104  7:24  Siege Tank  
  104  7:25  SCV x2  
  104  7:26  SCV  
  104  7:27  Marine  
  104  7:28  Refinery  
  114  7:33  Marine x4  
  114  7:34  Marine x2  
  114  7:36  Factory  
  118  7:37  Marine  
  118  7:41  Marine  
  120  7:44  Marine  
  120  7:47  Terran Infantry Weapons Level 2  
  120  7:50  Supply Depot  
  120  7:51  Terran Infantry Armor Level 2, Marine x4  
  123  7:55  Marine  
  123  7:56  Marine  
  129  8:03  Marine  
  129  8:04  Marine  
  128  8:08  Marine x2  
  128  8:09  Barracks Reactor, Marine x2  
  128  8:10  Supply Depot  
  128  8:11  Siege Tank  
  135  8:13  Marine  
  135  8:14  Marine  
  137  8:20  Marine  
  137  8:22  Marine  
  137  8:23  Supply Depot  
  137  8:26  Marine x3  
  137  8:27  Marine  
  137  8:34  Marine x2  
  137  8:38  Orbital Command, Marine  
  137  8:40  Marine  
  126  8:44  Marine x3  
  126  8:45  Siege Tank  
  126  8:46  Marine  
  129  8:50  Marine  
  129  8:51  Marine  
  129  8:52  SCV  
  132  8:57  Marine x3  
  132  8:58  Supply Depot  
  132  9:00  SCV  
  137  9:07  SCV  
  138  9:10  Marine x2  
  138  9:11  Refinery  
  138  9:12  Medivac x2  
  144  9:17  Siege Tank  
  144  9:19  Marine  
  144  9:21  Supply Depot  
  148  9:24  Supply Depot  
  148  9:25  Marine  
  148  9:29  Marine x2  
  150  9:37  Siege Tank  
  145  9:38  Marine  
  145  9:42  Marine x4  
  145  9:44  Marine  
  149  9:49  Marine, Siege Tank  
  149  9:50  Marine  
  156  9:54  Orbital Command  
  154  10:07  Marine x2  
  154  10:09  Siege Tank  
  159  10:14  Marine  
  159  10:18  Terran Vehicle Weapons Level 1  
  163  10:21  Siege Tank  
  163  10:23  Terran Infantry Weapons Level 3  
  163  10:28  Terran Infantry Armor Level 3  
  163  10:36  Marine  
  163  10:39  Refinery  
  164  10:43  Marine x2  
  164  10:48  Command Center  
  163  10:53  SCV x3, Barracks x2  
  166  10:59  Medivac x2  
  166  11:03  Refinery  
  170  11:06  Missile Turret  
  170  11:08  Marine  
  170  11:09  Marine x2  
  173  11:13  Siege Tank  
  173  11:14  Marine  
  173  11:15  Marine  
  178  11:25  Marine  
  178  11:27  Marine  
  178  11:28  Marine  
  180  11:42  Ghost Academy  
  180  11:44  SCV  
  180  11:46  Ghost Academy  
  178  11:54  Barracks Tech Lab, Sensor Tower  
  178  11:55  Barracks Tech Lab  
  178  11:58  Liberator x2  
  180  12:07  Barracks Tech Lab  
  180  12:08  SCV x2  
  173  12:16  Siege Tank  
  173  12:19  Ghost x2  
  180  12:24  Concussive Shells  
  180  12:25  Nuke  
  180  12:27  Refinery  
  180  12:29  Refinery  
  180  12:33  Ghost  
  180  12:36  Missile Turret  
  182  12:48  Ghost  
  182  12:49  Marauder  
  171  12:51  SCV x2  
  171  12:57  SCV  
  171  13:02  Ghost, Personal Cloaking  
  171  13:03  SCV  
  171  13:04  Planetary Fortress  
  171  13:09  Ghost  
  171  13:11  SCV  
  171  13:12  SCV  
  175  13:15  SCV  
  175  13:16  Ghost  
  178  13:23  SCV  
  178  13:24  SCV  
  180  13:30  Terran Vehicle Weapons Level 2, Ghost  
  180  13:33  Command Center  
  182  13:35  Command Center, Supply Depot  
  182  13:36  Missile Turret, Supply Depot  
  182  13:38  Ghost, Missile Turret  
  184  13:46  Marauder  
  186  13:53  Siege Tank  
  189  14:00  Marauder  
  189  14:01  Ghost Academy  
  191  14:04  Ghost Academy  
  191  14:06  Ghost  
  191  14:07  Marauder  
  195  14:16  Marine  
  186  14:20  Ghost  
  187  14:28  Nuke, Ghost  
  189  14:35  Ghost  
  189  14:38  Marine  
  173  14:39  Marine x2  
  173  14:42  Nuke  
  175  14:45  Enhanced Shockwaves  
  175  14:47  Marine x3  
  175  14:49  Ghost  
  175  14:50  Missile Turret  
  177  14:53  Siege Tank  
  177  14:54  Orbital Command  
  177  14:57  Marauder  
  182  15:04  Marauder  
  181  15:18  Marauder, Ghost  
  185  15:25  Nuke, Ghost  
  187  15:34  Refinery  
  187  15:35  Sensor Tower  
  187  15:37  Refinery  
  189  15:48  Neosteel Armor  
  189  15:50  Siege Tank  
  189  15:52  Hi-Sec Auto Tracking  
  189  15:54  Bunker  
  189  15:55  Nuke x2, Bunker  
  190  15:58  Missile Turret  
  190  16:01  Planetary Fortress  
  190  16:04  Nuke  
  190  16:05  Ghost  
  182  16:13  Ghost  
  182  16:16  Ghost  
  172  16:20  Marine  
  171  16:27  Command Center  
  171  16:32  Command Center  
  167  16:33  Nuke  
  167  16:35  Marauder  
  169  16:41  Ghost  
  169  16:45  Ghost  
  173  16:47  Thor  
  173  16:50  Thor  
  185  16:55  Terran Vehicle And Ship Armor Level 1  
  185  17:00  Marine  
  180  17:17  Ghost  
  180  17:19  Ghost  
  181  17:30  Cyclone  
  181  17:33  Cyclone  
  181  17:36  Orbital Command  
  179  17:43  Medivac  
  179  17:44  Orbital Command  
  181  17:47  Medivac  
  172  17:53  Marine x2  
  172  17:54  Command Center  
  172  17:55  Marine x2  
  172  17:57  Command Center  
  176  17:59  Marine  
  176  18:02  Thor  
  183  18:09  Missile Turret  
  183  18:10  Ghost  
  181  18:12  Medivac  
  181  18:15  Ghost  
  181  18:17  Medivac  
  187  18:23  Missile Turret  
  190  18:27  Ghost  
  187  18:38  Ghost  
  183  18:41  Siege Tank  
  183  18:43  Ghost  
  188  18:49  Missile Turret  
  188  18:50  Missile Turret  
  188  18:51  Missile Turret  
  188  18:53  Missile Turret  
  185  18:55  Ghost  
  154  19:03  Marine x2  
  154  19:05  Marine  
  154  19:06  Marine  
  154  19:09  Marine x2  
  149  19:12  Bunker, Marine x2  
  149  19:14  Sensor Tower  
  153  19:17  Medivac  
  153  19:20  Siege Tank  
  153  19:21  Marine x2  
  153  19:22  Orbital Command  
  153  19:23  Marine  
  153  19:24  Marine  
  157  19:27  Marine x2  
  158  19:33  Missile Turret x2, Medivac  
  158  19:35  Thor  
  158  19:36  Ghost x2, Marine x2  
  158  19:37  Marine  
  170  19:39  Marine x2  
  170  19:41  Marine  
  173  19:51  Marine  
  173  19:52  Missile Turret  
  174  19:54  Marine, Missile Turret  
  174  19:55  Missile Turret  
  174  19:58  Siege Tank  
  178  20:00  Marine x2  
  178  20:02  Marine, Ghost  
  181  20:07  Ghost  
  181  20:18  Marauder, Marine  
  181  20:21  Marine x2  
  169  20:26  Orbital Command  
  169  20:27  Planetary Fortress, Siege Tank  
  171  20:39  Marauder x2  
  171  20:40  Marauder  
  177  20:45  Marine, Siege Tank  
  180  20:52  Marine  
  180  20:59  Marine  
  180  21:00  Thor x2  
  180  21:03  Missile Turret  
  183  21:04  Marine  
  183  21:09  Unknown, Thor  
  187  21:16  Thor  
  187  21:19  Viking  
  187  21:21  SCV x2  
  182  21:44  Marine x4  
  182  21:45  SCV  
  185  21:47  SCV  
  185  21:48  SCV  
  185  21:51  Thor  
  193  22:00  SCV  
  194  22:03  Thor  
  194  22:04  Nuke  
  194  22:06  Marine  
  194  22:08  SCV  
  194  22:09  SCV  
  194  22:12  Marine  
  194  22:13  Marine  
  197  22:21  SCV x2  
  197  22:22  SCV x3  
  195  22:31  Orbital Command, Medivac x2  
  195  22:36  SCV  
  200  22:38  SCV  
  200  22:39  SCV  
  200  22:52  SCV  
Show
View Real Time Build Order
Export as new Build Order

JonSnow Zerg 

Build Orders: Hatch First 

Get SALT Encoding   

  12  0:01  Drone  
  13  0:12  Overlord  
  13  0:17  Drone  
  14  0:31  Drone x2  
  16  0:49  Hatchery  
  15  0:51  Drone  
  15  0:55  Drone  
  17  0:57  Drone  
  18  1:09  Extractor  
  17  1:13  Spawning Pool  
  17  1:16  Drone  
  17  1:19  Drone  
  18  1:28  Drone  
  19  1:38  Drone  
  20  1:49  Overlord  
  20  2:00  Queen x2  
  24  2:01  Zergling x2  
  24  2:02  Zergling x2  
  26  2:18  Hatchery  
  26  2:20  Drone  
  26  2:23  Drone  
  27  2:31  Metabolic Boost  
  27  2:38  Drone  
  27  2:39  Drone x2  
  30  2:47  Overlord  
  30  2:50  Drone x2  
  32  2:56  Queen  
  34  3:03  Overlord  
  34  3:06  Drone x2  
  34  3:08  Drone  
  37  3:13  Drone x3  
  37  3:19  Queen  
  42  3:25  Overlord  
  42  3:29  Queen  
  42  3:31  Drone  
  45  3:38  Drone x2  
  45  3:39  Drone  
  48  3:44  Queen  
  48  3:45  Overlord  
  51  3:48  Zergling x4  
  51  3:50  Drone  
  51  3:53  Drone  
  51  3:54  Drone  
  55  3:56  Drone  
  55  4:00  Drone  
  57  4:03  Drone x3  
  57  4:04  Overlord  
  60  4:11  Drone x2  
  60  4:12  Drone  
  60  4:16  Drone x4  
  66  4:19  Drone  
  66  4:22  Roach Warren  
  66  4:26  Queen  
  66  4:31  Drone x3  
  71  4:32  Extractor x2  
  69  4:41  Lair  
  69  4:44  Drone x6, Spore Crawler  
  74  4:47  Spore Crawler x2  
  74  4:52  Drone x2  
  74  4:53  Drone  
  74  4:58  Drone x6  
  81  5:06  Overlord x2  
  81  5:14  Overlord  
  81  5:15  Overlord  
  81  5:20  Extractor  
  80  5:21  Extractor, Roach  
  80  5:25  Roach x8  
  97  5:32  Zergling x4  
  93  5:38  Overseer  
  93  5:44  Drone x3  
  93  5:48  Drone x2  
  94  5:53  Queen x2  
  94  5:54  Drone x3  
  94  5:56  Queen  
  98  5:57  Extractor  
  98  5:58  Evolution Chamber  
  98  5:59  Drone x2, Evolution Chamber  
  97  6:10  Roach x3  
  97  6:11  Roach  
  105  6:14  Hatchery, Glial Reconstitution  
  104  6:25  Roach  
  106  6:26  Zerg Missile Weapons Level 1  
  106  6:27  Zerg Ground Armor Level 1  
  106  6:33  Overlord x5  
  106  6:39  Overlord x2  
  105  6:50  Queen, Overseer  
  105  6:54  Roach x4  
  115  6:59  Zergling x2  
  116  7:04  Drone  
  116  7:06  Roach x4  
  125  7:12  Ravager x3  
  125  7:13  Overlord  
  125  7:14  Roach x3  
  125  7:15  Roach x4  
  142  7:24  Overlord  
  142  7:27  Roach x4  
  150  7:37  Overlord x2  
  150  7:39  Roach x2  
  150  7:40  Roach x2  
  158  7:46  Queen  
  158  7:49  Roach x3  
  158  7:51  Queen, Spore Crawler  
  166  7:55  Queen x2  
  166  7:56  Overlord  
  166  7:58  Overlord  
  171  8:03  Ravager x9  
  171  8:04  Roach  
  182  8:06  Ravager  
  183  8:17  Overseer  
  183  8:19  Roach x8  
  197  8:32  Infestation Pit  
  178  8:34  Baneling Nest  
  178  8:37  Roach x4  
  178  8:38  Roach x2  
  176  8:42  Overlord  
  168  8:51  Zerg Melee Weapons Level 1  
  168  8:53  Zergling x2  
  168  8:54  Zergling x14  
  174  8:59  Drone x3, Queen  
  174  9:01  Drone  
  176  9:06  Drone  
  174  9:11  Overlord  
  174  9:12  Drone  
  174  9:14  Zerg Ground Armor Level 2  
  174  9:15  Hive  
  174  9:16  Drone  
  174  9:17  Drone, Queen  
  179  9:24  Ravager  
  179  9:25  Ravager  
  179  9:26  Overlord  
  179  9:28  Overseer  
  179  9:29  Drone x4  
  165  9:46  Overlord  
  165  9:47  Drone x2  
  165  9:48  Drone x2  
  165  9:50  Extractor  
  165  9:51  Extractor  
  167  9:56  Drone x3  
  167  9:57  Drone x5  
  175  10:09  Hatchery  
  175  10:10  Overlord  
  175  10:11  Hatchery, Centrifical Hooks  
  175  10:13  Zergling x18  
  182  10:23  Overlord  
  182  10:26  Adrenal Glands  
  182  10:28  Ultralisk Cavern  
  179  10:38  Baneling  
  179  10:39  Baneling x4  
  179  10:46  Zergling x6  
  179  10:47  Zergling x24  
  179  10:49  Zerg Melee Weapons Level 2  
  194  10:56  Overlord  
  194  10:58  Overlord  
  194  11:05  Viper x2  
  194  11:07  Overlord  
  194  11:11  Overseer  
  200  11:15  Overseer  
  200  11:17  Chitinous Plating  
  200  11:21  Spire  
  200  11:23  Overseer  
  197  11:32  Ultralisk  
  200  11:37  Overlord  
  200  11:41  Zerg Ground Armor Level 3  
  199  11:51  Overlord x2  
  198  11:59  Baneling x2  
  198  12:00  Baneling x2  
  198  12:19  Spine Crawler, Spore Crawler  
  196  12:30  Burrow  
  196  12:32  Baneling x3  
  196  12:34  Baneling  
  196  12:35  Baneling x2  
  196  12:36  Zerg Flyer Weapons Level 1  
  188  12:51  Ultralisk x4  
  194  12:55  Corruptor x7  
  194  13:06  Overlord  
  194  13:11  Hatchery  
  194  13:12  Spine Crawler  
  191  13:13  Spine Crawler  
  190  13:22  Hatchery  
  189  13:29  Ultralisk  
  189  13:30  Anabolic Synthesis, Zerg Melee Weapons Level 3  
  195  13:36  Drone x5  
  200  13:51  Extractor, Spire  
  200  13:52  Extractor  
  198  14:09  Drone  
  200  14:10  Drone x2  
  195  14:37  Corruptor x2  
  199  14:47  Spore Crawler  
  198  14:58  Hatchery  
  196  15:06  Zerg Flyer Weapons Level 2  
  196  15:07  Greater Spire  
  196  15:10  Pathogen Glands, Drone  
  196  15:11  Drone x3  
  199  15:26  Drone x2  
  199  15:29  Pneumatized Carapace  
  194  15:49  Overseer  
  194  15:52  Infestor x4  
  194  15:56  Drone x5  
  199  16:03  Overlord  
  165  16:20  Ultralisk  
  165  16:21  Zergling x14, Ultralisk  
  182  16:27  Zergling x10  
  182  16:28  Zerg Missile Weapons Level 2  
  182  16:30  Zerg Flyer Armor Level 1  
  187  16:36  Infestor x4  
  187  16:40  Overlord  
  187  16:42  Drone x5  
  192  16:50  Zergling x6  
  192  16:51  Zergling x8  
  192  16:52  Baneling x4  
  193  17:08  Spine Crawler  
  185  17:09  Spore Crawler  
  185  17:12  Infestor  
  185  17:14  Zergling x8  
  185  17:15  Zergling x14  
  191  17:19  Drone x3  
  179  17:34  Corruptor x9  
  194  17:45  Hatchery  
  194  17:46  Zergling x10  
  198  17:56  Zergling x4  
  199  18:12  Extractor, Spore Crawler  
  198  18:13  Baneling x15  
  198  18:14  Extractor  
  191  18:42  Zergling x10  
  190  18:59  Zergling x52  
  145  19:12  Infestor x5  
  145  19:14  Baneling  
  145  19:15  Baneling x3, Corruptor x2  
  145  19:16  Corruptor x3  
  163  19:18  Zergling x2, Ultralisk x3  
  163  19:22  Hatchery  
  163  19:23  Zergling x8  
  185  19:25  Baneling x17  
  185  19:26  Zergling x4  
  185  19:27  Zergling x2  
  188  19:36  Drone x4  
  188  19:37  Drone x5  
  188  19:38  Drone x2  
  199  19:51  Baneling x4  
  162  20:25  Brood Lord x7  
  170  20:29  Zergling x8  
  173  20:36  Drone x2  
  173  20:40  Overseer  
  173  20:42  Infestor x3  
  180  20:50  Overseer  
  180  20:51  Overseer  
  179  20:58  Corruptor x3  
  179  20:59  Corruptor  
  179  21:02  Brood Lord  
  175  21:15  Ultralisk x2  
  175  22:01  Drone x3  
  174  22:02  Zergling x14, Ultralisk x2  
  174  22:05  Hatchery  
  174  22:06  Zergling x2  
  181  22:40  Brood Lord x3  
  187  22:50  Corruptor  
  188  22:54  Zergling x10  
  188  22:55  Zergling x12  
Tags
 
Add a new tag
Caveats
  • Supply blocks, unpowered buildings, or Contaminate may cause inaccurate times.
  • Supply counts are checked every 10 seconds.